 Dungeon Crawl Stone Soup version 0.21-a0-518-g43a1781 (webtiles) character file.

872 Aviak the Shield-Bearer (level 7, -1/66 HPs)
             Began as a Deep Dwarf Fighter on Dec 4, 2017.
             Killed from afar by an electric eel (13 damage)
             ... with a bolt of electricity
             ... on level 5 of the Dungeon.
             The game lasted 00:10:50 (2769 turns).

Aviak the Shield-Bearer (Deep Dwarf Fighter)        Turns: 2769, Time: 00:10:51

Health: -1/66      AC: 12    Str: 21 (22) XL:     7   Next: 74%
Magic:  6/6        EV:  7    Int: 10      God:
Gold:   127        SH: 10    Dex: 12      Spells: 6/6 levels left

rFire    + . .     SeeInvis .   a - +0 war axe
rCold    . . .     Gourm    .   c - +0 shield
rNeg     . . .     Faith    .   e - +0 chain mail
rPois    .         Spirit   .   (no helmet)
rElec    .         Reflect  .   k - +0 cloak
rCorr    .         Harm     .   j - +0 pair of gloves
MR       +....                  (no boots)
Stlth    ..........             (no amulet)
HPRegen  0.00/turn              r - ring of protection from fire
MPRegen  0.10/turn              t - ring of flight

@: non-regenerating
A: damage resistance, heal wounds, clever 1, low mp 1, sense surroundings 1, no
regeneration
a: Heal Wounds, Evoke Flight


You were on level 5 of the Dungeon.
You were not hungry.

You visited 1 branch of the dungeon, and saw 5 of its levels.

You collected 127 gold pieces.

Inventory:

Hand Weapons
 a - a +0 war axe (weapon)
Missiles
 v - a javelin (quivered)
Armour
 b - a +0 scale mail
 c - a +0 shield (worn)
 e - a +0 chain mail (worn)
 j - a +0 pair of gloves (worn)
 k - a +0 cloak (worn)
Jewellery
 o - an uncursed amulet of faith
 q - a +2 ring of intelligence
 r - a ring of protection from fire (left hand)
 t - a ring of flight (right hand)
Scrolls
 h - 3 scrolls of identify {unknown}
 l - 2 scrolls of remove curse
 m - 2 scrolls of teleportation
 s - a scroll of blinking {unknown}
 y - a scroll of fear {unknown}
Potions
 g - a potion of curing
 i - a potion of lignification {unknown}
 n - a potion of berserk rage {unknown}
 u - a potion of flight {unknown}
 w - a potion of resistance {unknown}
 A - a potion of magic {unknown}
Comestibles
 f - 2 bread rations
 x - a meat ration
 z - a fruit


   Skills:
 + Level 4.8 Fighting
 + Level 5.2 Axes
 - Level 5.1 Armour
 + Level 2.3 Dodging
 + Level 5.8 Shields


You had 6 spell levels left.
You didn't know any spells.

Dungeon Overview and Level Annotations

Branches:
Dungeon (5/15)             Temple (0/1) D:5

Altars:
Ashenzari
Dithmenos
Kikubaaqudgha
Sif Muna
Zin

Shops:
D:3 *

Annotations:
D:4 Aviak's ghost, amateur DDFi
D:5 exclusions: door and 7 more exclusions


Innate Abilities, Weirdness & Mutations

You are resistant to damage.
You can heal yourself by infusing magical energy.
You passively map a small area around you.
You do not regenerate.
Your mind is acute. (Int +2)
Your magical capacity is low. (-10% MP)


Message History

The floor.
Placed new exclusion.
Reduced exclusion size to a single square.
You enter the shallow water.
Moving in this stuff is going to be slow.
You open the door. 2 electric eels come into view.
The electric eel moves out of view.
Found a murky inky potion and 29 gold pieces.
Press: ? - help, . - travel You can't see that place. [some shallow water.] Placed new exclusion.
An electric eel is nearby!
An electric eel comes into view.
The electric eel shoots out a bolt of lightning at you!
The bolt of electricity hits the electric eel.
The electric eel completely resists.
The bolt of electricity hits the plant.
The bolt of electricity hits you!
You die...

#.# #########.# #.#
####.######## #.#
###...#........ #.#
#...##.#######. #.# #<####.#
*, #.# ##############.# ,
#.###.....##≈≈≈..###
#.#.....###.####..≈##### *,
##.#..(..#* #..@##≈≈...##* *
* * ...(....)##
#.....#####..# ,
........)(#,#.....##..'###***
......).)##,#≈..PP#.... *
...†###### ≈#..≈P≈#.... ....#
#$$!..#PP.≈ ..###
#≈≈;;≈#.P..,* * ..########*
##≈;≈##≈[?. , .........# * *
#;≈≈≈ >


You could see 3 electric eels.

Vanquished Creatures
  A hippogriff (D:5)
  Sigmund (D:2)
  A bullfrog (D:4)
  A crimson imp (D:5)
  Crazy Yiuf (D:2)
  A bullfrog skeleton (D:5)
  A jelly (D:5)
  Jessica (D:3)
  5 worker ants
  Natasha (twice) (D:2)
  A hound skeleton (D:4)
  5 adders
  A shadow imp (D:5)
  4 worms
  4 dart slugs
  2 leopard geckos
  12 orcs
  5 bats
  10 goblins
  6 hobgoblins
  3 jackals (D:1)
  3 frilled lizards
  9 kobolds
  6 rats
86 creatures vanquished.

Vanquished Creatures (others)
  A goblin (D:4)
  A quokka (D:4)
2 creatures vanquished.

Grand Total: 88 creatures vanquished

Notes
Turn   | Place    | Note
-------+----------+-------------------------------------------
     0 | D:1      | Aviak the Deep Dwarf Fighter began the quest for the Orb.
     0 | D:1      | Reached XP level 1. HP: 20/20 MP: 1/1
   193 | D:1      | Reached XP level 2. HP: 27/27 MP: 2/2
   442 | D:1      | Reached XP level 3. HP: 34/34 MP: 3/3
   622 | D:2      | Noticed Natasha
   626 | D:2      | Killed Natasha
   673 | D:2      | Found a deep blue altar of Sif Muna.
   769 | D:2      | Noticed Sigmund
   788 | D:2      | Reached XP level 4. HP: 17/42 MP: 4/4
   798 | D:2      | Killed Sigmund
   798 | D:2      | Reached XP level 5. HP: 33/50 MP: 5/5
   896 | D:2      | Noticed Natasha
   909 | D:2      | Killed Natasha
   909 | D:2      | Reached XP level 6. HP: 21/57 MP: 6/6
  1047 | D:2      | Found a runed door.
  1052 | D:2      | Noticed Crazy Yiuf
  1059 | D:2      | Killed Crazy Yiuf
  1143 | D:2      | Found a shattered altar of Ashenzari.
  1699 | D:3      | Found Zin's Purification Station.
  1700 | D:3      | Found a glowing silver altar of Zin.
  1703 | D:3      | Noticed Jessica
  1706 | D:3      | Killed Jessica
  1743 | D:3      | Found an ancient bone altar of Kikubaaqudgha.
  1743 | D:3      | Found a shadowy altar of Dithmenos.
  2139 | D:4      | Reached skill level 5 in Armour
  2139 | D:4      | Reached skill level 5 in Shields
  2188 | D:4      | Noticed Aviak's ghost (amateur DDFi)
  2534 | D:5      | Entered Level 5 of the Dungeon
  2581 | D:5      | Gained mutation: Your magical capacity is low. (-10% MP) [potion of mutation]
  2581 | D:5      | Gained mutation: Your mind is acute. (Int +2) [potion of mutation]
  2588 | D:5      | Reached XP level 7. HP: 32/66 MP: 6/6
  2618 | D:5      | Reached skill level 1 in Dodging
  2743 | D:5      | Noticed a hippogriff
  2755 | D:5      | Killed a hippogriff
  2755 | D:5      | Reached skill level 5 in Axes
  2769 | D:5      | Killed from afar by an electric eel

Vault maps used:
D:1:      minmay_arrival_wavy_path
D:2:      marbit_many_paths, led_sif_pool, uniq_crazy_yiuf_cottage,
          uniq_sigmund, uniq_natasha
D:3:      zin_purify, chequers_temple_overflow_statue_of_worship, uniq_jessica
D:4:      elyvilon_altar_4, lemuel_round_altar, uniq_robin
D:5:      cheibrodos_two_vegetables, minmay_temple_entry_butterflies,
          serial_shops, nicolae_shop_trees, first_bread

Skill      XL: |  1  2  3  4  5  6  7 |
---------------+----------------------+-----
Fighting       | 3 4 |  4.8
Axes           | 3 4 5 |  5.2
Armour         | 4 5 |  5.1
Shields        | 4 5 |  5.8
Dodging        | 2 |  2.3

Action                   |  1- 3 |  4- 6 |  7- 9 || total
-------------------------+-------+-------+-------++-------
Melee: War axe           |   111 |   161 |    61 ||   333
Throw: Javelin           |       |    11 |       ||    11
 Abil: Heal Wounds       |       |     3 |       ||     3
  Use: Potion            |     1 |     4 |     1 ||     6
       Scroll            |       |     1 |     1 ||     2
  Eat: Chunk             |       |     5 |     2 ||     7
Armor: Chain mail        |    73 |    66 |    48 ||   187
Dodge: Dodged            |    33 |    36 |    23 ||    92
Block: Shield            |    63 |    79 |    36 ||   178

Table legend:
 A = Spawn XP
 B = Non-spawn XP
 C = Spawn XP percentage of total XP
 D = Spawn monster count
 E = Non-spawn monster count
 F = Spawn count percentage of total count
 G = Total turns spent on level
                    A         B        C        D         E        F      G
               +---------+---------+-------+---------+---------+-------+---------
         Total |       0 |    1247 |   0.0 |       0 |      86 |   0.0 |  2769
               +---------+---------+-------+---------+---------+-------+---------
           D:1 |       0 |      45 |   0.0 |       0 |      24 |   0.0 |   506
           D:2 |       0 |     410 |   0.0 |       0 |      19 |   0.0 |   743
           D:3 |       0 |     121 |   0.0 |       0 |      23 |   0.0 |   912
           D:4 |       0 |     144 |   0.0 |       0 |       3 |   0.0 |   373
           D:5 |       0 |     527 |   0.0 |       0 |      17 |   0.0 |   235
               +---------+---------+-------+---------+---------+-------+---------
